 Dungeon Crawl Stone Soup version 0.24-a0-433-gbe6fa4f6cc (webtiles) character file.

Game seed: 7806525074742815057

2030 ivs the Basher (level 9, 0/118 HPs)
             Began as a Minotaur Wanderer on June 14, 2019.
             Was a Follower of Trog.
             Slain by an ogre
             ... wielding a +0 giant spiked club
              (28 damage)
             ... on level 6 of the Dungeon.
             The game lasted 00:30:00 (2435 turns).

ivs the Basher (Minotaur Wanderer)                  Turns: 2435, Time: 00:30:01

Health: 0/118      AC:  8    Str: 22    XL:     9   Next: 3%
Magic:  8/8        EV:  9    Int: 10    God:    Trog [*.....]
Gold:   148        SH:  0    Dex: 12    Spells: 8/8 levels left

rFire    + . .     SeeInvis .   a - +1 whip (elec)
rCold    + . .     Gourm    +   (no shield)
rNeg     . . .     Faith    .   c - +2 scale mail
rPois    .         Spirit   .   (helmet restricted)
rElec    .         Reflect  .   r - scarf {rC+ rF+}
rCorr    .         Harm     .   (no gloves)
MR       .....                  (no boots)
Stlth    ..........             h - amulet of the gourmand
HPRegen  0.29/turn              (no ring)
MPRegen  0.11/turn              (no ring)

@: berserking, very quick
A: retaliatory headbutt, horns 2
a: Berserk, Renounce Religion


You were on level 6 of the Dungeon.
You worshipped Trog.
Trog was aware of your devotion.
You were full.

You visited 2 branches of the dungeon, and saw 8 of its levels.

You collected 148 gold pieces.

Inventory:

Hand Weapons
 a - a +1 whip of electrocution (weapon)
 b - a +0 hunting sling
 x - the +7 spear of Dishonour {holy, rPois Int+5, unknown}
   (You found it on level 7 of the Dungeon)

   It has been blessed by the Shining One to cause great damage to the undead
   and demons.
   It affects your intelligence (+5).
   It protects you from poison.
Missiles
 e - 104 stones
 m - 9 poisoned darts (quivered)
 y - a throwing net
Armour
 c - a +2 scale mail (worn)
 r - a scarf of resistance (worn)
Jewellery
 h - an amulet of the gourmand (around neck)
Wands
 q - a wand of polymorph (7)
 w - a wand of paralysis (2)
Scrolls
 f - 2 scrolls of remove curse
 i - 2 scrolls of blinking {unknown}
 j - 2 scrolls of teleportation
 k - a scroll of fear {unknown}
 l - a scroll of enchant armour {unknown}
 o - a scroll of random uselessness {unknown}
 p - a scroll of fog {unknown}
 t - a scroll of vulnerability {unknown}
Potions
 g - 4 potions of brilliance
 n - a potion of agility
 s - 2 potions of haste
 u - a potion of curing
Comestibles
 d - 12 rations


   Skills:
 + Level 7.5 Fighting
 * Level 11.8 Maces & Flails
 - Level 3.2 Throwing
 - Level 3.6 Armour
 - Level 1.0 Stealth


You had 8 spell levels left.
You didn't know any spells.
Your spell library contained the following spells:

 Spells                   Type           Power        Failure   Level  Hunger
 Beastly Appendage        Tmut           #.....       67%         1    ##.....
 Sticks to Snakes         Tmut           #.......     82%         2    ###....
 Spider Form              Tmut/Pois      #.........   96%         3    ####...
 Ice Form                 Ice/Tmut       #.......     100%        4    #####..
 Blade Hands              Tmut           #.........   100%        5    ######.


Dungeon Overview and Level Annotations

Branches:
Dungeon (7/15)             Temple (1/1) D:6

Altars:
Cheibriados
Dithmenos
Elyvilon
Hepliaklqana
Kikubaaqudgha
Makhleb
Nemelex Xobeh
Okawaru
Qazlal
Ru
Sif Muna
Trog
Uskayaw
Wu Jian
The Shining One

Shops:
D:4 :


Innate Abilities, Weirdness & Mutations

You reflexively headbutt those who attack you in melee.
You have a pair of horns on your head.


Message History

You eat the chunk of flesh.
This raw flesh tastes great.
m - 7 poisoned darts (gained 1)
m - 8 poisoned darts (gained 1)
m - 9 poisoned darts (gained 1)
You now have 141 gold pieces (gained 11).
Found 7 gold pieces.
Found a leather armour.
You now have 148 gold pieces (gained 7).
An ogre comes into view. It is wielding a +0 giant spiked club.
The ogre shouts!
You barely miss the ogre. You headbutt the ogre.
The ogre is moderately wounded.
The ogre hits you with a +0 giant spiked club!!
* * * LOW HITPOINT WARNING * * *
A red film seems to cover your vision as you go berserk!
You feel yourself moving faster!
You feel mighty!
You barely miss the ogre.
The ogre is moderately wounded.
The ogre hits you with a +0 giant spiked club!!
You die...

##################
......#.#....@O.#
### #[#..#.#.##.##.#
..#..#.#.#.# #.# #
#.#........####.####
..########.........#
...........#..###..#
..................##
.####.##...########
.# #.######


You could see an ogre.

Vanquished Creatures
  Menkaure (D:6)
  2 phantoms
  An ice beast (D:6)
  3 ogres (D:7)
  A necrophage (D:7)
  2 centaurs (D:6)
  A big kobold (D:7)
  4 bullfrogs
  A wyvern skeleton (D:6)
  2 crimson imps
  3 howler monkeys
  A centaur zombie (D:6)
  A hound (D:7)
  A centaur skeleton (D:7)
  A jelly (D:6)
  A bullfrog skeleton (D:5)
  3 iguanas
  7 worker ants
  An orc wizard (D:3)
  A hound zombie (D:6)
  A hound skeleton (D:6)
  A worker ant zombie (D:6)
  A gnoll (D:4)
  8 adders
  An adder skeleton (D:6)
  4 worms
  3 leopard geckos
  5 giant cockroaches
  3 hobgoblins
  8 jackals
  3 quokkas
  2 bats
  4 frilled lizards
  3 goblins
  9 kobolds
  A quokka skeleton (D:5)
  6 rats
101 creatures vanquished.

Notes
Turn   | Place    | Note
-------+----------+-------------------------------------------
     0 | D:1      | ivs the Minotaur Wanderer began the quest for the Orb.
     0 | D:1      | ivs set off with the following items: a +0 club, 2 scrolls
                  | of teleportation, a +2 scale mail, a ration
     0 | D:1      | Reached XP level 1. HP: 18/18 MP: 0/0
    75 | D:1      | Reached skill level 3 in Maces & Flails
   153 | D:2      | Reached XP level 2. HP: 25/25 MP: 1/1
   286 | D:2      | Reached skill level 4 in Maces & Flails
   383 | D:3      | Reached XP level 3. HP: 29/30 MP: 2/2
   509 | D:3      | Reached skill level 5 in Maces & Flails
   645 | D:2      | Reached XP level 4. HP: 31/37 MP: 3/3
   742 | D:4      | Found Verchuadu's Book Boutique.
   846 | D:5      | Entered Level 5 of the Dungeon
   876 | D:4      | Noticed a phantom
   895 | D:4      | Killed a phantom
   895 | D:4      | Reached skill level 6 in Maces & Flails
   895 | D:4      | Reached XP level 5. HP: 21/42 MP: 4/4
   974 | D:5      | Found a sparkling altar of Nemelex Xobeh.
  1064 | D:5      | Reached XP level 6. HP: 34/50 MP: 5/5
  1070 | D:5      | Reached skill level 7 in Maces & Flails
  1125 | D:5      | Found a sacrificial altar of Ru.
  1272 | D:6      | Noticed an ice beast
  1286 | D:6      | Killed an ice beast
  1286 | D:6      | Reached skill level 8 in Maces & Flails
  1286 | D:6      | Reached XP level 7. HP: 46/59 MP: 6/6
  1311 | D:6      | Found a staircase to the Ecumenical Temple.
  1339 | Temple   | Entered the Ecumenical Temple
  1440 | Temple   | Became a worshipper of Trog the Wrathful
  1535 | D:6      | Reached skill level 9 in Maces & Flails
  1538 | D:6      | Found an ornate altar of the Wu Jian Council.
  1556 | D:6      | Noticed Menkaure
  1588 | D:6      | Reached skill level 5 in Fighting
  1691 | D:6      | Killed Menkaure
  1691 | D:6      | Reached XP level 8. HP: 45/69 MP: 7/7
  1741 | D:7      | Reached skill level 10 in Maces & Flails
  1811 | D:7      | Got a smoking spear
  1884 | D:7      | Reached * piety under Trog
  1899 | D:7      | Reached skill level 11 in Maces & Flails
  2231 | D:6      | Reached XP level 9. HP: 44/79 MP: 8/8
  2435 | D:6      | Slain by an ogre

Levels and vault maps discovered:
D:1:      roderic_chinese_lattice_arrival, layout_loops_ring,
          minmay_door_square, tso_altar
D:2:      layout_basic, xom_redecorated, first_ration, uniq_crazy_yiuf_cottage
D:3:      layout_basic, nicolae_overflow_hidden_temple, serial_glass,
          glass_columns_a, glass_columns_b, glass_columns_a, glass_columns_a,
          glass_columns_c, glass_columns_b
D:4:      layout_rooms, kennysheep_mini_moat, fedhas_altar_2, serial_shops,
          nicolae_shop_waterfront, shop
D:5:      layout_basic, nemelex_altar_shiori, old_standard_altar
D:6:      minmay_thinvault, layout_gridville, kennysheep_little_box,
          minmay_temple_entry_mist, uniq_menkaure, uniq_blork_the_orc
D:7:      layout_basic, grunt_ogre_cave, uniq_duvessa
Temple:   oiseaux_autumnal_temple

Skill      XL: |  1  2  3  4  5  6  7  8 |
---------------+-------------------------+-----
Maces & Flails | 3 4 5 6 8 9 11 | 11.8
Throwing       | 3 |  3.2
Fighting       | 4 5 7 |  7.5
Armour         | |  3.6
Stealth        | |  1.0

Action                   |  1- 3 |  4- 6 |  7- 9 || total
-------------------------+-------+-------+-------++-------
Melee: Club              |    38 |       |       ||    38
       Headbutt          |     6 |     8 |    23 ||    37
       Whip              |    37 |    76 |   184 ||   297
Throw: Dart              |       |       |    11 ||    11
Invok: Berserk           |       |       |     2 ||     2
  Use: Scroll            |       |       |     6 ||     6
  Eat: Chunk             |     2 |     3 |     9 ||    14
Armor: Scale mail        |    25 |    19 |    46 ||    90
Dodge: Dodged            |    27 |    22 |    48 ||    97

Table legend:
 A = Non-vault XP
 B = Vault XP
 C = Vault XP percentage of total XP
 D = Non-vault monster count
 E = Vault monster count
 F = Vault count percentage of total count
                 A         B        C        D         E       F
            +---------+---------+-------+---------+---------+-------
      Total |    2406 |     494 |  17.0 |      94 |       7 |   6.9
            +---------+---------+-------+---------+---------+-------
        D:1 |      13 |       0 |   0.0 |       9 |       0 |   0.0
        D:2 |      39 |       0 |   0.0 |      14 |       0 |   0.0
        D:3 |      80 |       0 |   0.0 |      13 |       0 |   0.0
        D:4 |     174 |       0 |   0.0 |       4 |       0 |   0.0
        D:5 |     263 |       0 |   0.0 |       8 |       0 |   0.0
        D:6 |     966 |     372 |  27.8 |      24 |       6 |  20.0
        D:7 |     871 |     122 |  12.3 |      22 |       1 |   4.3
            +---------+---------+-------+---------+---------+-------
